Map: [ESL] Goldenaura

Players

Wayne (Vanya)

  • Race: Zerg Zerg
  • Spawn Location: 12:00

LiquidMaNa (MaNa) - Winner!

  • Race: Protoss Protoss
  • League: Grandmaster
  • Spawn Location: 5:00

VOD

Have the link to the VOD?

Description

Time

  • Played on: Nov. 21, 2023, 9:47 a.m.
  • Length: 19:37
Show
View Real Time Build Order
Export as new Build Order

Wayne Zerg 

Build Orders: Hatch First, Lurkers 

Get SALT Encoding   

  12  0:00  Drone  
  13  0:12  Overlord  
  13  0:16  Drone  
  14  0:30  Drone x2  
  16  0:49  Hatchery  
  15  0:52  Drone  
  15  0:56  Drone  
  17  0:59  Drone  
  18  1:10  Extractor  
  17  1:15  Spawning Pool  
  17  1:17  Drone  
  17  1:21  Drone  
  18  1:29  Drone  
  19  1:40  Drone  
  20  1:49  Overlord  
  20  2:01  Queen x2  
  20  2:02  Zergling x4  
  26  2:12  Drone x2  
  26  2:14  Metabolic Boost  
  28  2:23  Drone x2  
  30  2:35  Hatchery  
  29  2:37  Drone  
  29  2:40  Drone  
  31  2:47  Queen  
  33  2:52  Overlord  
  33  2:55  Zergling x2  
  33  2:58  Zergling x2  
  35  2:59  Zergling x2  
  36  3:05  Overlord  
  36  3:11  Drone x2  
  38  3:13  Queen  
  38  3:16  Drone  
  38  3:19  Drone  
  42  3:22  Zergling x2  
  42  3:24  Drone  
  44  3:30  Spore Crawler, Drone x2  
  44  3:34  Drone x2  
  46  3:41  Overlord  
  46  3:42  Drone x3  
  49  3:49  Queen  
  51  3:56  Overlord  
  51  4:02  Drone x4  
  54  4:03  Spore Crawler  
  54  4:08  Queen  
  55  4:12  Drone  
  55  4:13  Evolution Chamber  
  55  4:14  Drone  
  55  4:15  Drone  
  57  4:18  Spore Crawler  
  57  4:22  Drone x3  
  59  4:26  Drone x2  
  61  4:32  Overlord  
  61  4:35  Drone x4  
  65  4:40  Zerg Melee Weapons Level 1  
  65  4:43  Overlord x2  
  65  4:44  Drone  
  65  4:54  Lair  
  65  4:57  Extractor  
  65  4:58  Drone x2, Baneling Nest  
  65  4:59  Drone  
  66  5:04  Drone x6  
  72  5:13  Hatchery  
  71  5:20  Drone  
  71  5:22  Zergling x8, Extractor  
  71  5:23  Zergling x6  
  77  5:33  Overlord  
  77  5:39  Overlord x2  
  77  5:46  Overlord  
  77  5:48  Drone x3  
  80  5:50  Overlord  
  80  5:56  Hydralisk Den  
  79  5:57  Overseer  
  79  5:58  Baneling, Extractor  
  79  5:59  Baneling x2  
  79  6:01  Drone x9  
  87  6:05  Extractor  
  86  6:11  Zergling x14  
  93  6:19  Overlord  
  93  6:22  Drone  
  93  6:23  Overlord  
  94  6:27  Spire, Extractor  
  94  6:28  Queen  
  94  6:29  Zergling x2  
  94  6:30  Zergling x6  
  96  6:33  Grooved Spines  
  96  6:36  Hydralisk x3  
  97  6:44  Drone x4  
  97  6:45  Drone x2  
  97  6:46  Hydralisk x2  
  105  6:58  Overlord  
  98  7:03  Hydralisk x3  
  98  7:07  Drone x7  
  110  7:09  Drone x2  
  109  7:16  Drone  
  102  7:25  Hydralisk x4  
  102  7:29  Extractor x2  
  105  7:33  Drone x2  
  105  7:40  Corruptor x2  
  105  7:47  Hatchery  
  101  7:51  Corruptor x2  
  101  7:58  Hatchery  
  103  8:00  Drone x8  
  103  8:01  Queen  
  103  8:05  Corruptor  
  115  8:12  Corruptor x3  
  121  8:20  Zerg Melee Weapons Level 2  
  121  8:24  Zergling x4  
  121  8:25  Zergling x2  
  122  8:31  Extractor  
  122  8:34  Drone  
  122  8:37  Hydralisk Den  
  122  8:39  Zergling x6  
  121  8:42  Overlord x4  
  121  8:52  Overlord x2  
  121  8:53  Centrifugal Hooks  
  121  9:01  Zergling x12  
  121  9:02  Baneling x5  
  127  9:06  Queen  
  127  9:08  Muscular Augments  
  129  9:10  Drone x2  
  129  9:11  Overlord  
  129  9:16  Hydralisk x7  
  139  9:23  Drone x2  
  145  9:26  Queen  
  145  9:30  Zergling x2  
  145  9:31  Zergling x14  
  153  9:33  Corruptor  
  155  9:39  Hydralisk x6  
  167  9:48  Overlord, Hydralisk x2  
  167  9:49  Hydralisk x2  
  175  9:53  Baneling  
  175  9:54  Baneling x10  
  175  9:57  Overlord x2  
  175  10:02  Drone x2, Extractor  
  175  10:03  Drone  
  177  10:10  Drone, Infestation Pit  
  177  10:13  Hydralisk x6  
  179  10:15  Zergling x2  
  179  10:18  Evolution Chamber  
  179  10:20  Overseer  
  187  10:22  Zergling x2  
  187  10:23  Zergling x12  
  187  10:28  Zergling x12  
  200  10:37  Evolution Chamber  
  200  10:41  Zerg Missile Weapons Level 1  
  198  10:47  Drone, Extractor  
  198  10:48  Drone  
  198  10:49  Hive, Extractor  
  198  10:51  Drone  
  198  10:55  Lurker Den  
  198  10:56  Zerg Ground Armor Level 1  
  198  11:03  Drone  
  199  11:06  Baneling x7  
  191  11:11  Spine Crawler  
  191  11:13  Spine Crawler  
  191  11:15  Zergling x20  
  199  11:34  Spore Crawler  
  199  11:36  Spine Crawler  
  197  11:40  Spine Crawler  
  197  11:42  Drone x3  
  199  11:51  Hatchery  
  199  11:53  Hatchery  
  197  12:00  Lurker  
  197  12:01  Lurker  
  199  12:14  Spore Crawler  
  199  12:15  Spine Crawler x2  
  196  12:16  Spine Crawler  
  196  12:18  Zerg Melee Weapons Level 3, Seismic Spines, Adrenal Glands  
  196  12:20  Drone  
  196  12:21  Drone x3  
  199  12:23  Spire  
  199  12:28  Zerg Flyer Weapons Level 1  
  198  12:31  Lurker x2  
  200  12:43  Zerg Missile Weapons Level 2  
  200  12:54  Spore Crawler  
  196  12:58  Drone x5  
  196  13:04  Lurker x6  
  192  13:15  Adaptive Talons  
  186  13:23  Zergling x14  
  186  13:24  Zergling x12  
  193  13:31  Hydralisk x10  
  193  13:32  Zergling x32  
  193  13:34  Lurker x4  
  191  13:48  Hydralisk x10  
  167  13:53  Hydralisk x5  
  161  13:59  Hydralisk x2  
  153  14:06  Hydralisk x4  
  145  14:13  Hydralisk x3  
  139  14:19  Hydralisk x3  
  140  14:26  Zergling x14  
  147  14:37  Drone  
  147  14:38  Drone x2  
  150  14:39  Lurker  
  150  14:40  Viper x3, Lurker, Extractor  
  160  14:46  Overseer  
  160  14:47  Drone  
  160  14:48  Drone x4  
  160  14:51  Drone  
  160  14:52  Drone x2  
  168  14:55  Zerg Ground Armor Level 2  
  168  15:06  Infestor x2, Lurker x2  
  174  15:09  Zergling x12  
  180  15:17  Zergling x10  
  185  15:22  Queen  
  185  15:23  Queen  
  185  15:24  Neural Parasite  
  185  15:25  Burrow  
  182  15:30  Infestor x3  
  188  15:37  Drone x3  
  191  15:49  Zergling x18  
  200  15:53  Zerg Flyer Armor Level 1, Zerg Flyer Weapons Level 2  
  200  15:54  Zerg Missile Weapons Level 3  
  200  16:02  Spore Crawler x2  
  200  16:03  Spore Crawler x3  
  195  16:04  Drone x5, Spore Crawler  
  196  16:18  Zergling x8  
  189  16:37  Zergling x30  
  180  17:00  Hydralisk x13  
  173  17:22  Hatchery, Hydralisk x12  
  173  17:23  Spine Crawler  
  173  17:24  Spine Crawler, Hydralisk x7  
  173  17:25  Hydralisk x2  
  173  17:28  Lurker x8  
  196  17:33  Lurker x4  
  199  17:46  Spine Crawler  
  199  17:47  Corruptor x5  
  195  17:52  Corruptor x2  
  164  18:10  Corruptor  
  164  18:11  Corruptor x5  
  150  18:20  Drone, Extractor  
  150  18:21  Drone x2  
  150  18:26  Corruptor x4  
  160  18:38  Zergling x2  
  160  18:39  Zergling x18  
  170  18:48  Hatchery  
  169  19:01  Zergling x14  
  169  19:02  Zergling x2  
  177  19:12  Zergling x12  
Show
View Real Time Build Order
Export as new Build Order

LiquidMaNa Protoss - Winner!

Build Orders: 1 Gate Expand, Oracle Opening, Carriers 

Get SALT Encoding   

  12  0:00  Probe  
  13  0:12  Probe  
  14  0:20  Pylon  
  14  0:25  Probe  
  15  0:38  Probe (Chrono Boost)  
  15  0:41  Gateway  
  16  0:47  Probe (Chrono Boost)  
  17  0:50  Assimilator  
  17  0:52  Probe  
  18  1:04  Probe  
  19  1:17  Probe  
  20  1:29  Nexus  
  20  1:39  Cybernetics Core  
  20  1:41  Probe  
  21  1:48  Assimilator  
  21  1:54  Probe  
  22  1:57  Pylon  
  22  2:06  Probe  
  23  2:13  Adept (Chrono Boost)  
  25  2:18  Probe  
  25  2:21  Stargate  
  26  2:30  Probe  
  26  2:33  Adept (Chrono Boost)  
  29  2:41  Probe  
  29  2:42  Probe  
  31  2:52  Warp Gate  
  31  2:53  Probe  
  31  2:54  Probe  
  31  2:55  Adept  
  39  3:07  Probe  
  39  3:08  Void Ray (Chrono Boost)  
  39  3:10  Probe  
  41  3:18  Pylon  
  41  3:28  Probe  
  42  3:37  Probe (Chrono Boost)  
  42  3:41  Probe (Chrono Boost)  
  44  3:42  Gateway  
  44  3:43  Oracle  
  44  3:47  Assimilator  
  43  3:48  Assimilator  
  43  3:50  Probe (Chrono Boost)  
  43  3:53  Probe (Chrono Boost)  
  45  3:58  Probe (Chrono Boost)  
  45  3:59  Probe (Chrono Boost)  
  47  4:04  Probe  
  47  4:07  Pylon, Probe  
  49  4:16  Probe  
  50  4:20  Probe  
  50  4:22  Fleet Beacon  
  51  4:24  Stargate  
  51  4:28  Probe  
  52  4:32  Probe  
  52  4:35  Pylon  
  53  4:40  Adept x2, Probe  
  53  4:45  Probe  
  59  4:52  Probe  
  60  4:57  Probe  
  61  5:01  Pylon  
  61  5:03  Nexus  
  61  5:09  Tempest (Chrono Boost)  
  66  5:16  Tempest (Chrono Boost)  
  71  5:23  Probe x2  
  73  5:35  Probe x2  
  74  5:39  Pylon  
  74  5:40  Protoss Air Weapons Level 1, Pylon  
  75  5:49  Gateway  
  76  5:52  Gateway  
  76  5:54  Tempest (Chrono Boost)  
  76  5:55  Tempest (Chrono Boost)  
  80  6:01  Probe  
  80  6:02  Probe  
  87  6:04  Gateway  
  87  6:09  Shield Battery  
  87  6:14  Probe x2  
  87  6:16  Twilight Council  
  89  6:23  Probe  
  90  6:26  Probe  
  90  6:30  Probe  
  92  6:38  Robotics Facility  
  92  6:39  Tempest  
  97  6:41  Probe  
  97  6:42  Probe x2  
  97  6:46  Stalker  
  97  6:47  Stalker  
  104  6:51  Shield Battery  
  104  6:54  Probe x3  
  103  7:06  Tempest  
  103  7:08  Zealot x2  
  96  7:09  Zealot  
  96  7:10  Zealot  
  96  7:11  Probe  
  97  7:18  Unknown  
  97  7:22  Pylon  
  97  7:23  Pylon  
  97  7:27  Nexus  
  97  7:45  Probe x2  
  97  7:48  Zealot  
  99  7:58  Pylon  
  98  8:01  Probe  
  99  8:07  Pylon  
  99  8:10  Probe  
  100  8:16  Probe  
  109  8:21  Immortal  
  109  8:22  Robotics Bay, Probe  
  109  8:24  Void Ray x2 (Chrono Boost)  
  114  8:39  Probe x3  
  114  8:40  Stalker x3  
  123  8:41  Stalker  
  123  8:48  Pylon  
  125  8:50  Assimilator  
  125  8:51  Probe  
  125  8:52  Probe x2  
  125  8:53  Assimilator  
  128  8:56  Charge  
  128  8:57  Templar Archives  
  128  9:00  Observer  
  133  9:03  Void Ray (Chrono Boost)  
  133  9:04  Pylon  
  133  9:05  Pylon  
  133  9:06  Probe x2  
  135  9:15  Void Ray  
  139  9:22  Nexus  
  139  9:25  Colossus (Chrono Boost)  
  139  9:30  Sentry  
  147  9:36  Pylon  
  147  9:37  Probe x3  
  150  9:45  Zealot x2, Gateway  
  154  9:49  Pylon  
  154  9:52  Forge  
  154  9:55  Shield Battery  
  154  9:58  High Templar x2  
  158  10:02  Archon  
  158  10:03  Warp Prism (Chrono Boost)  
  160  10:08  High Templar x2  
  160  10:10  Shield Battery  
  161  10:14  Archon  
  161  10:19  Colossus (Chrono Boost)  
  161  10:22  Probe x3  
  164  10:31  Psionic Storm  
  170  10:38  Assimilator  
  169  10:43  Assimilator  
  169  10:51  Gateway, High Templar x2  
  169  10:52  Gateway  
  169  10:54  Photon Cannon  
  169  10:56  Archon  
  173  11:04  Gateway, Colossus  
  173  11:05  Shield Battery  
  173  11:07  Probe  
  174  11:15  Protoss Ground Weapons Level 1 (Chrono Boost)  
  180  11:22  Pylon  
  180  11:23  High Templar  
  180  11:24  High Templar, Pylon  
  184  11:32  Photon Cannon  
  184  11:35  High Templar  
  184  11:36  Extended Thermal Lance  
  184  11:39  High Templar  
  188  11:42  Photon Cannon  
  188  11:46  Photon Cannon  
  184  11:49  Nexus  
  184  11:51  Pylon  
  183  11:58  Colossus (Chrono Boost)  
  189  12:15  Gateway  
  189  12:16  Zealot x4  
  189  12:17  Zealot  
  199  12:27  Protoss Air Weapons Level 2 (Chrono Boost)  
  199  12:39  Nexus  
  199  12:42  Observer (Chrono Boost)  
  200  12:46  Pylon  
  192  13:07  Oracle  
  192  13:09  Observer  
  196  13:16  Zealot x7  
  196  13:19  Gravitic Boosters (Chrono Boost), Observer  
  200  13:31  Zealot x2  
  164  13:52  Archon x2  
  164  13:53  Zealot x9  
  158  13:58  Carrier (Chrono Boost)  
  158  14:00  Probe  
  158  14:01  Probe  
  158  14:02  Probe  
  159  14:06  Carrier (Chrono Boost)  
  159  14:08  Probe  
  141  14:23  High Templar x9  
  133  14:33  Photon Cannon  
  133  14:35  Observer, Archon x2  
  133  14:36  Photon Cannon  
  133  14:41  Stargate  
  133  14:44  Stargate  
  133  14:48  Immortal  
  133  14:51  Protoss Air Weapons Level 3 (Chrono Boost)  
  137  14:53  Assimilator  
  137  14:56  Zealot x2  
  137  14:57  Zealot  
  137  14:58  Assimilator  
  137  14:59  High Templar  
  145  15:00  Zealot x2, Tempest x2 (Chrono Boost), High Templar x3, Photon Cannon  
  145  15:02  Pylon  
  145  15:06  Archon  
  165  15:08  Archon  
  165  15:11  Pylon  
  165  15:19  Gateway  
  165  15:21  Zealot x3  
  165  15:22  Gateway  
  177  15:28  Carrier  
  177  15:30  Nexus  
  178  15:38  Observer  
  172  15:43  High Templar x2  
  172  15:45  Zealot x5, High Templar x2  
  172  15:49  Archon, Pylon  
  190  15:50  Archon  
  190  16:00  Carrier  
  194  16:34  Zealot x4  
  190  16:40  Zealot x5  
  199  16:55  Archon  
  199  17:00  Zealot x5  
  199  17:05  Protoss Ground Weapons Level 2 (Chrono Boost), Carrier x3 (Chrono Boost)  
  199  17:06  Forge  
  191  17:18  Carrier (Chrono Boost)  
  197  17:31  High Templar  
  197  17:36  Protoss Shields Level 1 (Chrono Boost)  
  199  17:40  Assimilator  
  199  17:45  Assimilator  
  179  18:07  Carrier x2  
  179  18:11  Zealot x6  
  179  18:12  Zealot  
  193  18:38  High Templar x4  
  193  18:39  High Templar x2  
  200  18:52  High Templar  
  200  18:53  High Templar  
  200  18:57  Archon, Photon Cannon  
  200  19:00  Shield Battery, High Templar x2, Photon Cannon  
  200  19:01  High Templar  
  194  19:11  High Templar  
  194  19:12  Zealot x5  
  194  19:14  Archon  
  194  19:15  Archon  
  172  19:27  Archon  
  172  19:28  Archon  
  153  19:30  Zealot x2  
Tags
 
Add a new tag
Caveats
  • Supply blocks, unpowered buildings, or Contaminate may cause inaccurate times.
  • Supply counts are checked every 10 seconds.